 Dungeon Crawl Stone Soup version bcrawl-1.40.3b (webtiles) character file.

Game seed: 4947432862911929788

112812 zoran the Sneak (level 4, -1/37 HPs)
             Began as a Hill Orc Spelunker on Nov 21, 2023.
             Was an Initiate of Beogh.
             Slain by a sky beast (6 damage)
             ... on level 3 of the Dungeon.
             The game lasted 00:03:47 (2703 turns).

zoran the Sneak (Hill Orc Spelunker)                Turns: 2703, Time: 00:03:48

Health: -1/37      AC:  4    Str: 15    XL:     4   Next: 87%
Magic:  8/8        EV: 10    Int: 12    God:    Beogh [......]
Gold:   224        SH:  0    Dex: 10    Spells: 5/8 levels left

rFire    . . .     GDR:     22% p - +2 trident (vamp)
rCold    . . .     SeeInvis .   (no shield)
rNeg     . . .     Gourm    .   b - +0 leather armour
rPois    .         Faith    .   (no helmet)
rElec    .         Spirit   .   (no cloak)
rCorr    .         Reflect  .   (no gloves)
MR       .....                  c - +0 pair of boots
Stlth    ++........             (no amulet)
HPRegen  0.16/turn              (no ring)
MPRegen  0.11/turn              (no ring)

@: no status effects
A: no striking features
a: Renounce Religion


You were on level 3 of the Dungeon.
You worshipped Beogh.
Beogh was noncommittal.
You were not hungry.

You visited 1 branch of the dungeon, and saw 4 of its levels.

You collected 224 gold pieces.

Inventory:

Hand Weapons
 a - a +1 dagger
 p - a +2 vampiric trident (weapon)
Missiles
 q - 90 poisoned tomahawks (quivered)
 r - 38 poisoned needles
Armour
 b - a +0 leather armour (worn)
 c - a +0 pair of boots (worn)
 v - a +0 chain mail
 w - a +0 helmet
Wands
 d - a wand of digging (10)
Scrolls
 f - a scroll of noise
 i - a scroll of identify
 m - 2 scrolls of remove curse
 s - 3 scrolls of fog
 u - a scroll of enchant weapon
 y - 2 scrolls of teleportation {unknown}
 z - a scroll of blinking {unknown}
Potions
 h - 2 potions of heal wounds {unknown}
 j - 3 potions of curing {unknown}
 k - 3 potions of magic
 l - a potion of agility {unknown}
 n - a potion of haste {unknown}
 o - a potion of flight {unknown}
 x - a potion of invisibility {unknown}
Miscellaneous
 g - a lamp of fire
Comestibles
 e - 8 rations {!d}
 t - a chunk of flesh


   Skills:
 + Level 2.8 Fighting
   Level 2.8 Short Blades
   Level 2.8 Long Blades
   Level 2.8 Axes
   Level 2.8 Maces & Flails
   Level 2.8 Polearms
   Level 2.8 Staves
 + Level 1.3 Throwing
 - Level 3.0 Stealth
   Level 2.8 Unarmed Combat
 + Level 2.7 Spellcasting
 + Level 2.7 Hexes
 - Level 2.0 Transmutations
 - Level 2.0 Earth Magic
 - Level 2.0 Evocations


You had 5 spell levels left.
You knew the following spells:

 Your Spells              Type           Power        Failure   Level  Hunger
b - Passwall              Tmut/Erth      #.......     21%         2    ##.....
z - Corona                Hex            #......      10%         1    None
Your spell library was empty.

Dungeon Overview and Level Annotations

Branches:
Dungeon (4/12)
 Temple: D:4-7

Altars:
Beogh

Annotations:
D:3 2 transporters


Message History

Aiming: Corona (safe; 10% risk of failure)
Press: ? - help, Shift-Dir - straight line, f/p - sky beast
Aim: a sky beast (moderately wounded, chance to defeat MR: 46%)
The sky beast resists with significant effort.
The sky beast hits you. The sky beast shocks you.
* * * LOW HITPOINT WARNING * * *
The sky beast flickers out of sight!
Deactivating autopickup; reactivate with Ctrl-A.
There is a stone staircase leading up here.
Something hits you. Something shocks you.
* * * LOW HITPOINT WARNING * * *
A rune on the stairs sparks and fizzles.
You climb upwards.
Level annotation: 2 transporters Reactivating autopickup.
There is a stone staircase leading down here.
Something hits you.
* * * LOW HITPOINT WARNING * * *
Something shocks you.
You die...

##.≈≈..# #.####.###.........#
©#.≈≈.## #.............####.#
##.≈≈.# #########.......##.#
#.....# #.#####.##.## #©....# #.#
###.##..### #.....#############.#
#.......... ##.≈≈.......(....##.#
#.♣♣♣..♣♣♣♣
g#.≈≈...########.##.###.♣♣♣♣♣♣♣♣
##.≈≈.#.# #@##.##...♣♣♣♣_.♣♣
#..≈≈.#.# #>......♣♣♣♣.♣.♣.♣
###≈≈...###########.#.♣♣♣♣♣♣..♣♣♣
.g#≈≈................#.♣♣(♣♣♣..♣♣
..#≈≈...###########...♣♣♣..♣♣..♣♣
.g#≈≈...# #.#.....♣...♣♣.
###≈≈..## #.##..).♣♣♣♣♣♣.
≈≈≈≈≈..# #.###.♣♣.♣..♣.. ≈≈≈≈≈..#
#.# #.#....♣.♣.


There were no monsters in sight!

Vanquished Creatures
  Robin (D:1)
  2 adders (D:3)
  3 worms
  3 dart slugs (D:1)
  4 leopard geckos
  3 orcs (D:3)
  3 bats
  A giant cockroach (D:2)
  9 goblins
  7 hobgoblins
  A jackal (D:1)
  4 frilled lizards
  10 kobolds
  4 rats
55 creatures vanquished.

Vanquished Creatures (others)
  An orc (D:3)
  A frilled lizard (D:3)
  A plant (D:3)
3 creatures vanquished.

Grand Total: 58 creatures vanquished

Notes
Turn   | Place    | Note
-------+----------+-------------------------------------------
     0 | D:1      | zoran the Hill Orc Spelunker began the quest for the Orb.
     0 | D:1      | Reached XP level 1. HP: 18/18 MP: 3/3
   223 | D:1      | Reached XP level 2. HP: 25/25 MP: 5/5
   346 | D:1      | Reached skill level 3 in Stealth
   512 | D:1      | Reached XP level 3. HP: 21/30 MP: 6/6
   952 | D:2      | Noticed Robin
  1026 | D:1      | Killed Robin
  1326 | D:2      | Reached XP level 4. HP: 12/37 MP: 7/7
  1443 | D:2      | Reached skill level 1 in Throwing
  1876 | D:3      | Found a faded altar of an unknown god.
  2270 | D:3      | Found a transporter.
  2275 | D:3      | Found a transporter.
  2311 | D:3      | Identified the +5 spear "Xiuffoaf" {venom, -Tele Int+4
                  | Dex+5 SInv}
  2311 | D:3      | Identified the +5 scale mail "Ywixuem" {rElec rN++ Int-3
                  | Slay+3}
  2311 | D:3      | Noticed a gnoll sergeant
  2451 | D:3      | Found a roughly hewn altar of Beogh.
  2453 | D:3      | Became a worshipper of Beogh the Brigand
  2674 | D:4      | Noticed a sky beast
  2703 | D:3      | Slain by a sky beast

Skill      XL: |  1  2  3  4 |
---------------+-------------+-----
Stealth        | 3 |  3.0
Throwing       | 1 |  1.3
Transmutations | 2 |  2.0
Fighting       | |  2.8
Short Blades   | |  2.8
Long Blades    | |  2.8
Axes           | |  2.8
Maces & Flails | |  2.8
Polearms       | |  2.8
Staves         | |  2.8
Unarmed Combat | |  2.8
Spellcasting   | |  2.7
Hexes          | |  2.7
Earth Magic    | |  2.0
Evocations     | |  2.0

Action                   |  1- 3 |  4- 6 || total
-------------------------+-------+-------++-------
Melee: Dagger            |    97 |       ||    97
       Trident           |    31 |    74 ||   105
 Cast: Corona            |    10 |     1 ||    11
Invok: Convert to Beogh  |       |     1 ||     1
Evoke: Lamp of fire      |     1 |       ||     1
  Use: Scroll            |     2 |     2 ||     4
 Stab: Sleeping          |     3 |     4 ||     7
  Eat: Chunk             |     5 |     7 ||    12
       Ration            |     1 |       ||     1
Armor: Leather armour    |    38 |    18 ||    56
Dodge: Dodged            |    52 |    31 ||    83
